 Dungeon Crawl Stone Soup version 0.21-a0-434-g806c6c2 (webtiles) character file.

120 HAL9000 the Sneak (level 5, -4/39 HPs)
             Began as a Vine Stalker Assassin on Nov 8, 2017.
             Slain by a centaur (6 damage)
             ... on level 3 of the Dungeon.
             The game lasted 00:04:03 (2194 turns).

HAL9000 the Sneak (Vine Stalker Assassin)           Turns: 2194, Time: 00:04:04

Health: -4/39      AC: 22    Str: 14    XL:     5   Next: 4%
Magic:  0/6        EV:  2    Int: 11    God:
Gold:   211        SH:  0    Dex: 16    Spells: 4/4 levels left

rFire    . . .     SeeInvis .   a - +2 dagger
rCold    . . .     Gourm    .   (no shield)
rNeg     + + +     Faith    .   (armour currently unavailable)
rPois    +         Spirit   +   (helmet currently unavailable)
rElec    .         Reflect  .   (cloak currently unavailable)
rCorr    .         Harm     .   (gloves currently unavailable)
MR       .....     NoTele   +   (boots currently unavailable)
Stlth    ++++......             (no amulet)
HPRegen  0.53/turn              t - ring of teleportation (curse)
MPRegen  0.10/turn              A - ring of stealth

@: tree-form
A: regeneration 1, magic shield, no potion heal 3, rot immunity
a: no special abilities


You were on level 3 of the Dungeon.
You were hungry.
You were a tree.
You visited 1 branch of the dungeon, and saw 3 of its levels.

You collected 211 gold pieces.

Inventory:

Hand Weapons
 a - a +2 dagger (weapon)
 b - a +0 blowgun
Missiles
 e - 20 poisoned needles
 f - 2 curare-tipped needles
 k - 7 tomahawks (quivered)
 B - 4 needles of confusion
Armour
 c - a +0 robe (melded)
 d - a +0 cloak (melded)
Jewellery
 t - a cursed ring of teleportation (left branch)
 A - a ring of stealth (right branch)
 H - a +3 ring of dexterity {unknown}
Wands
 w - a wand of lightning (8/15)
Scrolls
 j - 5 scrolls of identify
 o - a scroll of blinking
 F - a scroll of recharging {unknown}
 I - a scroll of remove curse {unknown}
 J - a scroll of fear {unknown}
 K - a scroll of teleportation
Potions
 n - a potion of heal wounds {unknown}
 q - a potion of magic
 r - a potion of curing
 u - a potion of agility {unknown}
 v - a potion of haste {unknown}
 y - a potion of brilliance {unknown}
 D - 3 potions of mutation {unknown}
 E - a potion of berserk rage {unknown}
Comestibles
 g - 4 bread rations
 i - 2 royal jellies
 m - 4 meat rations
 G - a fruit


   Skills:
 - Level 1.7 Fighting
 * Level 3.9 Short Blades
 - Level 1.7 Throwing
 - Level 0.7 Dodging
 + Level 5.9 Stealth


You had 4 spell levels left.
You didn't know any spells.

Dungeon Overview and Level Annotations

Branches:
Dungeon (3/15)

Altars:
Nemelex Xobeh


Innate Abilities, Weirdness & Mutations

((You have extremely sharp teeth.))
Your natural rate of healing is unusually fast.
When hurt, damage is shared between your health and your magic reserves.
((Your bite disrupts and absorbs the magic of your enemies.))
Potions cannot restore your health.
You are immune to rotting.


Message History

The centaur hits you.
* * * LOW HITPOINT WARNING * * *
You hit the centaur but do no damage.
The centaur is lightly wounded.
The centaur hits you but does no damage.
You hit the centaur.
The centaur is moderately wounded.
The centaur hits you but does no damage.
The centaur hits you.
* * * LOW HITPOINT WARNING * * *
You hit the centaur.
The centaur is heavily wounded.
The centaur hits you but does no damage.
You hit the centaur.
The centaur is severely wounded.
The centaur hits you but does no damage.
You hit the centaur.
The centaur is severely wounded.
The centaur hits you.
You die...

#..#..8##
#.#.#..........
##.#...#
##.#.###.#######
##.#####
#......#.############
.######
#..#.#.#.#...........
......#
#..#.#.#.#.##########
......# #. #.#.#.#.#
......# #. #(#.#.#.#
......# # #(#.#.#.#
......# #♣#.#.#.#
....).# #c#.#.#.#
......# #.# #.#.#
......# #.# #.#.#
......# #.. #.#.#
..###### #.. #.#.#
........> ##..#.#.#
##### .########
....#.#.# #.... .#
#...#.#.# #.###


You could see a centaur.

Vanquished Creatures
  A howler monkey (D:2)
  4 adders (D:2)
  2 worms
  A dart slug (D:1)
  A leopard gecko (D:1)
  3 orcs
  2 ball pythons (D:2)
  2 giant cockroaches (D:1)
  6 goblins
  4 hobgoblins
  3 bats
  6 frilled lizards
  6 kobolds
  A rat (D:1)
42 creatures vanquished.

Notes
Turn   | Place    | Note
-------+----------+-------------------------------------------
     0 | D:1      | HAL9000 the Vine Stalker Assassin began the quest for the Orb.
     0 | D:1      | Reached XP level 1. HP: 11/11 MP: 2/2
   102 | D:1      | Reached skill level 5 in Stealth
   189 | D:1      | Reached XP level 2. HP: 10/15 MP: 3/3
   667 | D:2      | Reached XP level 3. HP: 18/18 MP: 4/4
  1133 | D:2      | Gained mutation: Your natural rate of healing is unusually fast. [Vine Stalker growth]
  1133 | D:2      | Reached XP level 4. HP: 12/23 MP: 3/5
  1497 | D:2      | Found a sparkling altar of Nemelex Xobeh.
  1497 | D:2      | Found a transporter.
  1734 | D:3      | Reached XP level 5. HP: 26/26 MP: 6/6
  1833 | D:3      | Found a faded altar of an unknown god.
  2177 | D:3      | Noticed a centaur
  2191 | D:3      | HP: 1/39 [centaur (2)]
  2194 | D:3      | Slain by a centaur

Vault maps used:
D:1:      lightli_arrival_lavapool, supply_closet_lemuel, minmay_tetromino_s4
D:2:      grunt_nemelex_the_gamble
D:3:      chequers_ecumenical_altar_lobes, first_bread

Skill      XL: |  1  2  3 |
---------------+----------+-----
Short Blades   | 2 3 |  3.9
Stealth        | 5 |  5.9
Fighting       | |  1.7
Throwing       | |  1.7
Dodging        | |  0.7

Action                   |  1- 3 |  4- 6 || total
-------------------------+-------+-------++-------
Melee: Dagger            |    84 |    49 ||   133
       Bite              |     9 |     9 ||    18
  Use: Scroll            |     4 |     1 ||     5
       Potion            |       |     2 ||     2
 Stab: Sleeping          |     7 |     5 ||    12
  Eat: Chunk             |     1 |     2 ||     3
Armor: Robe              |    27 |     7 ||    34
       Skin              |       |     8 ||     8
Dodge: Dodged            |    57 |    14 ||    71

Table legend:
 A = Spawn XP
 B = Non-spawn XP
 C = Spawn XP percentage of total XP
 D = Spawn monster count
 E = Non-spawn monster count
 F = Spawn count percentage of total count
 G = Total turns spent on level
                    A         B        C        D         E        F      G
               +---------+---------+-------+---------+---------+-------+---------
         Total |       0 |     172 |   0.0 |       0 |      42 |   0.0 |  2194
               +---------+---------+-------+---------+---------+-------+---------
           D:1 |       0 |      33 |   0.0 |       0 |      20 |   0.0 |   663
           D:2 |       0 |     125 |   0.0 |       0 |      17 |   0.0 |   906
           D:3 |       0 |      14 |   0.0 |       0 |       5 |   0.0 |   625
               +---------+---------+-------+---------+---------+-------+---------
